 Dungeon Crawl Stone Soup version 0.31.0-32-g396128a36d (webtiles) character file.

Game seed: 5200708451647771919

622 Peloso the Slasher (level 7, 0/78 (90) HPs)
             Began as a Minotaur Fighter on Mar 11, 2024.
             Was an Initiate of Okawaru.
             Slain by an orc warrior
             ... wielding a +1 flail of draining
              (3 damage)
             ... on level 5 of the Dungeon.
             The game lasted 00:07:19 (3453 turns).

Peloso the Slasher (Minotaur Fighter)               Turns: 3453, Time: 00:07:19

HP:   0/78 (90)     AC: 10    Str: 21    XL:     7   Next: 22%
MP:   6/6           EV: 11    Int:  5    God:    Okawaru [......]
Gold: 455           SH:  5    Dex: 11    Spells: 6/6 levels left

rFire   + . .        a - +0 long sword
rCold   . . .        d - +0 buckler
rNeg    . . .        b - +0 scale mail
rPois   .            (helmet restricted)
rElec   .            c - +0 cloak
rCorr   .            (no gloves)
SInv    .            n - +0 pair of boots
Will    .....        (no amulet) Stlth
                     j - +4 ring of slaying
HPRegen 0.33/turn    (no ring)
MPRegen 0.10/turn

%: no passive effects
@: berserking, studying Stealth, heavily drained, very quick
A: horns 2, retaliatory headbutt, fire resistance 1, shaggy fur 1, sturdy frame
1
a: Renounce Religion


You were on level 5 of the Dungeon.
You worshipped Okawaru.
Okawaru was noncommittal.
You visited 1 branch of the dungeon, and saw 5 of its levels.
You also visited: Ossuary.

You collected 455 gold pieces.

Inventory:

Hand Weapons
 a - a +0 long sword (weapon)
Armour
 b - a +0 scale mail (worn)
 c - a +0 cloak (worn)
 d - a +0 buckler (worn)
 n - a +0 pair of boots (worn)
Jewellery
 j - a +4 ring of slaying (left hand)
 q - an amulet of faith
Wands
 m - a wand of flame (21)
 t - a wand of iceblast (3)
Scrolls
 s - a scroll of butterflies
 u - a scroll of poison
 v - a scroll of enchant armour
 w - a scroll of blinking
Potions
 e - a potion of brilliance
 f - 2 potions of berserk rage
 g - 2 potions of might
 h - a potion of resistance
 i - a potion of invisibility {unknown}
 k - 2 potions of mutation
 l - a potion of curing {unknown}
 o - a potion of ambrosia {unknown}
 p - 3 potions of heal wounds {unknown}
 r - 2 potions of degeneration {unknown}
 x - a potion of enlightenment {unknown}
 z - a potion of attraction {unknown}


   Skills:
 + Level 4.9 Fighting
 + Level 6.5 Long Blades
 + Level 5.4 Armour
 + Level 2.3 Dodging
 + Level 1.4 Stealth
 + Level 4.8 Shields


You had 6 spell levels left.
You didn't know any spells.
Your spell library contained the following spells:

 Spells                   Type           Power      Damage    Failure   Level
 Freeze                   Ice            0%         1d3       75%         1
 Frozen Ramparts          Ice            0%         1d1       98%         3
 Hailstorm                Conj/Ice       0%         3d5       98%         3
 Ozocubu's Armour         Ice            0%         N/A       98%         3
 Metabolic Englaciation   Hex/Ice        0%         N/A       100%        5
 Sculpt Simulacrum        Ice/Alch       Unusable   N/A       N/A         6

Dungeon Overview and Level Annotations

Branches:
Dungeon (5/15)            Ossuary (visited)
 Temple: D:4-7

Altars:
Hepliaklqana
Okawaru
Xom


Innate Abilities, Weirdness & Mutations

You have a pair of horns on your head.
You reflexively headbutt those who attack you in melee.
Your flesh is heat resistant. (rF+)
You are covered in fur. (AC +1)
Your movements are slightly less encumbered by armour. (ER -2)


Message History

The orc priest is moderately wounded.
The orc priest hits you but does no damage. x2
You closely miss the orc priest.
The orc priest is moderately wounded.
The orc priest hits you with a +0 hand axe!
You barely miss the orc priest.
The orc priest is moderately wounded.
You closely miss the orc warrior. Your headbutt misses the orc warrior.
You barely miss the orc warrior.
The orc warrior hits you with a +1 flail of draining!
You feel drained. The orc priest barely misses you.
You hit the orc warrior but do no damage.
Your headbutt misses the orc warrior.
The orc warrior hits you with a +1 flail of draining!
You feel drained.
The orc priest hits you with a +0 hand axe.
You barely miss the orc warrior. The orc warrior misses you.
The orc priest closely misses you.
Unknown command.
You closely miss the orc priest.
You headbutt the orc priest, but do no damage.
The orc priest is moderately wounded.
The orc warrior closely misses you.
The orc priest hits you with a +0 hand axe.
* * * LOW HITPOINT WARNING * * *
Unknown command.
A red film seems to cover your vision as you go berserk!
You feel yourself moving faster!
You feel mighty! The orc priest barely misses you.
The orc warrior hits you with a +1 flail of draining!
* * * LOW HITPOINT WARNING * * *
You feel drained.
* * * LOW HITPOINT WARNING * * *
You slash the orc priest!
You kill the orc priest!
Okawaru accepts your kill.
The orc warrior hits you with a +1 flail of draining.
* * * LOW HITPOINT WARNING * * *
You feel drained.
You die...

............##....##..########.#
............##....##......)..)..
#...###.######..................
#...###'##..##....#.............
#............)....#.............
#...........##...###..##..####.#
#######.##..##...###..##..# #.#
#.######.........#... ...
...#.....@.......#........
....#....)o.......+....
....#..##...###..####.. .....#..
#...# ### #. +.... # #....#
#....# .....#


You could see an orc warrior.

Vanquished Creatures
  2 scorpions (D:4)
  Blork the orc (D:5)
  A jelly (D:5)
  An orc priest (D:5)
  A bombardier beetle (D:3)
  A sleepcap (D:4)
  Jessica (D:2)
  An iguana (D:4)
  An orc wizard (D:5)
  Terence (D:3)
  8 mummies (Ossuary)
  4 adders
  3 dart slugs
  4 orcs (D:5)
  7 endoplasms
  3 giant cockroaches (D:2)
  13 goblins
  4 hobgoblins
  4 jackals (D:3)
  3 quokkas
  5 ball pythons
  6 bats
  5 frilled lizards
  A gnoll zombie (Ossuary)
  3 hobgoblin zombies (Ossuary)
  12 kobolds
  A kobold zombie (Ossuary)
  3 orc zombies (Ossuary)
  25 rats
125 creatures vanquished.

Notes
Turn   | Place    | Note
-------+----------+-------------------------------------------
     0 | D:1      | Peloso the Minotaur Fighter began the quest for the Orb.
     0 | D:1      | Reached XP level 1. HP: 19/19 MP: 0/0
   114 | D:1      | Reached XP level 2. HP: 27/27 MP: 1/1
   339 | D:1      | Found a faded altar of an unknown god.
   570 | D:1      | Gained mutation: You are covered in fur. (AC +1) [potion of
                  | mutation]
   570 | D:1      | Gained mutation: Your flesh is heat resistant. (rF+)
                  | [potion of mutation]
   570 | D:1      | Gained mutation: Your movements are slightly less
                  | encumbered by armour. (ER -2) [potion of mutation]
   925 | D:2      | Reached XP level 3. HP: 33/33 MP: 2/2
   954 | D:2      | Reached skill level 3 in Long Blades
  1166 | D:2      | Noticed Jessica
  1172 | D:2      | Killed Jessica
  1173 | D:2      | Reached skill level 1 in Dodging
  1173 | D:2      | Reached XP level 4. HP: 36/40 MP: 3/3
  1506 | D:3      | Noticed Terence
  1513 | D:3      | Killed Terence
  1514 | D:3      | Reached skill level 4 in Long Blades
  1567 | D:3      | Reached XP level 5. HP: 43/46 MP: 4/4
  1851 | D:3      | Found a hazy altar of Hepliaklqana.
  1851 | D:3      | Found an iron altar of Okawaru.
  1853 | D:3      | Found a shimmering altar of Xom.
  2243 | D:3      | Became a worshipper of Warmaster Okawaru
  2312 | D:4      | Found a sand-covered staircase.
  2326 | D:4      | Reached skill level 1 in Stealth
  2341 | D:4      | Reached skill level 5 in Long Blades
  2341 | D:4      | Reached XP level 6. HP: 44/53 MP: 5/5
  2358 | Ossuary  | Entered an ossuary
  2399 | Ossuary  | Reached skill level 5 in Armour
  3146 | D:4      | Reached skill level 6 in Long Blades
  3280 | D:5      | Entered Level 5 of the Dungeon
  3288 | D:5      | Identified the +0 ring mail of Olumuip {^Drain rPois Str+4
                  | Int+6}
  3305 | D:5      | Reached XP level 7. HP: 60/60 MP: 6/6
  3332 | D:5      | Reached * piety under Okawaru
  3345 | D:5      | Noticed Blork the orc
  3355 | D:5      | Killed Blork the orc
  3453 | D:5      | HP: 3/79 [orc warrior/+1 flail of draining (6)]
  3453 | D:5      | Slain by an orc warrior

Illustrated notes

Levels and vault maps discovered:
D:1:      zelgadis_glass_arrival_small, layout_rooms, basic_ecumenical_altar,
          minmay_heptomino_o4
D:2:      layout_loops_cross, uniq_jessica
D:3:      layout_loops_cross, gammafunk_temple_overflow_claw, uniq_terence
D:4:      layout_rooms, nicolae_ossuary_entry_monument, minmay_rat_hole
D:5:      minmay_recursive_quarters, layout_gridville, zin_scriptorium,
          nicolae_uskayaw_dance_hall, minmay_temple_entry_statues_pillars,
          uniq_pikel, uniq_menkaure, uniq_blork_the_orc

Skill      XL: |  1  2  3  4  5  6 |
---------------+-------------------+-----
Armour         | 4 5 |  5.4
Shields        | 4 |  4.8
Long Blades    | 3 4 5 6 |  6.5
Fighting       | 4 |  4.9
Dodging        | 1 2 |  2.3
Stealth        | 1 |  1.4

Action                     |  1- 3 |  4- 6 |  7- 9 || total
---------------------------+-------+-------+-------++-------
  Melee: Long sword        |    76 |   141 |    20 ||   237
         Headbutt          |     5 |    22 |     3 ||    30
 Invoke: Heroism           |       |       |     1 ||     1
    Use: Potion            |     2 |       |     1 ||     3
         Scroll            |     1 |     8 |       ||     9
 Armour: Scale mail        |    65 |    98 |    16 ||   179
  Dodge: Dodged            |    52 |    62 |     7 ||   121
  Block: Buckler           |    28 |    37 |     1 ||    66
